 Dungeon Crawl Stone Soup version 0.29.1-12-g30fa7ad0bf (webtiles) character file.

Game seed: 3303621866806365734

6970 wormed the Grappler (level 10, -5/98 HPs)
             Began as a Troll Gladiator on Dec 23, 2022.
             Slain by a centaur warrior skeleton (9 damage)
             ... on level 9 of the Dungeon.
             The game lasted 00:19:23 (7738 turns).

wormed the Grappler (Troll Gladiator)               Turns: 7738, Time: 00:19:25

Health: -5/98      AC:  8    Str: 28    XL:     10   Next: 81%
Magic:  9/9        EV: 15    Int:  4    God:
Gold:   193        SH:  5    Dex: 11    Spells: 9/9 levels left

rFire   . . .      SeeInvis .     - Unarmed
rCold   . . .      Faith    .   (no shield)
rNeg    . . .      Spirit   .   I - +0 steam dragon scales
rPois   .          Reflect  +   b - +0 hat
rElec   .          Harm     .   (no cloak)
rCorr   .          Rampage  .   (gloves unavailable)
Will    +....                   (boots unavailable)
Stlth   +.........              H - amulet of reflection
HPRegen 1.06/turn               e - ring of willpower
MPRegen 0.11/turn               y - +4 ring of evasion

@: no status effects
A: large, unfitting armour, claws 3, regeneration 1, shaggy fur 1, tough skin 1
a: no special abilities


You were on level 9 of the Dungeon.
You visited 3 branches of the dungeon, and saw 11 of its levels.
You also visited: Ossuary.

You collected 523 gold pieces.
You spent 330 gold pieces at shops.

Inventory:

Hand Weapons
 z - the +8 whip of Cruel Justice {vamp, Will+ Int+4}
   (You found it in an ossuary)

   It occasionally heals its wielder for a portion of the damage dealt when it
   wounds a living foe.
   Int:       It affects your intelligence (+4).
   Will:      It increases your willpower.
Missiles
 c - 3 throwing nets
 d - 3 large rocks (quivered)
 F - 5 javelins
Armour
 b - a +0 hat (worn)
 I - +0 steam dragon scales (worn)
Jewellery
 e - a ring of willpower (left claw)
 g - a ring of see invisible
 k - a +4 ring of protection
 y - a +4 ring of evasion (right claw)
 H - an amulet of reflection (around neck)
Wands
 a - a wand of polymorph (2)
 C - a wand of iceblast (8)
Scrolls
 h - a scroll of poison
 i - 3 scrolls of enchant armour
 j - 3 scrolls of vulnerability {unknown}
 l - a scroll of amnesia
 m - a scroll of enchant weapon {unknown}
 o - 3 scrolls of magic mapping {unknown}
 p - a scroll of blinking {unknown}
 q - a scroll of fog {unknown}
 r - a scroll of noise {unknown}
 t - a scroll of teleportation {unknown}
 w - a scroll of fear
 D - 5 scrolls of identify
 E - a scroll of immolation {unknown}
Potions
 n - 2 potions of resistance
 s - 3 potions of flight
 u - 5 potions of degeneration
 v - 2 potions of brilliance
 A - a potion of lignification {unknown}
 B - 2 potions of might {unknown}
 G - 2 potions of ambrosia {unknown}
 J - a potion of mutation {unknown}


   Skills:
 + Level 5.9 Fighting
 + Level 6.4 Throwing
 + Level 5.4 Armour
 + Level 6.2 Dodging
 * Level 10.3 Unarmed Combat


You had 9 spell levels left.
You didn't know any spells.
Your spell library contained the following spells:

 Spells                   Type           Power      Damage    Failure   Level
 Sting                    Tmut/Pois      0%         1d3       50%         1
 Poisonous Vapours        Pois/Air       0%         N/A       65%         2
 Summon Guardian Golem    Hex/Summ       0%         N/A       86%         3
 Olgreb's Toxic Radiance  Pois           0%         N/A       99%         4
 Orb of Destruction       Conj           0%         9d5       100%        7
 Spellforged Servitor     Conj/Summ      0%         N/A       100%        7


Dungeon Overview and Level Annotations

Branches:
Dungeon (9/15)             Temple (1/1) D:5            Lair (1/5) D:8
Ossuary (visited)
    Orc: D:9-12

Altars:
Ashenzari
Dithmenos
Elyvilon
Fedhas
Hepliaklqana
Kikubaaqudgha
Makhleb
Okawaru
Qazlal
Sif Muna
Trog
Uskayaw
Vehumet
Wu Jian
Xom
Yredelemnul
Zin
The Shining One

Shops:
D:1 =

Annotations:
D:9 Grum


Innate Abilities, Weirdness & Mutations

You are too large for most types of armour.
You have claws for hands.
Your natural rate of healing is unusually fast.
You are covered in fur. (AC +1)
You have tough skin. (AC +1)


Message History

* * * LOW HITPOINT WARNING * * *
You feel extremely sick.
You feel better. The centaur warrior skeleton hits you.
* * * LOW HITPOINT WARNING * * *
The centaur warrior skeleton completely misses you.
Cornered, the hellwing turns to fight!
You closely miss the hellwing.
The hellwing is lightly wounded.
The centaur warrior skeleton closely misses you.
The centaur warrior skeleton barely misses you.
You block the hellwing's attack.
The hellwing hits you but does no damage.
You scratch the hellwing. Your claw misses the hellwing.
The hellwing is lightly wounded.
The centaur warrior skeleton hits you.
* * * LOW HITPOINT WARNING * * *
The centaur warrior skeleton closely misses you.
You scratch the hellwing.
The hellwing is lightly wounded.
The centaur warrior skeleton hits you.
* * * LOW HITPOINT WARNING * * *
The centaur warrior skeleton kicks you.
* * * LOW HITPOINT WARNING * * *
You block the hellwing's attack.
The hellwing hits you but does no damage.
You scratch the hellwing but do no damage.
You claw the hellwing!
The hellwing is moderately wounded.
The centaur warrior skeleton misses you.
The centaur warrior skeleton kicks you but does no damage.
The hellwing hits you but does no damage.
The hellwing closely misses you.
You claw the centaur warrior skeleton!
The centaur warrior skeleton is lightly damaged.
The centaur warrior skeleton completely misses you.
The centaur warrior skeleton kicks you but does no damage.
The hellwing barely misses you.
The hellwing hits you but does no damage.
The centaur warrior skeleton hits you!
You die...

.#### ####
..#..####..#
..5.... ...#
....... ...#
8.P.... #.<#
..8....##..#
.......>...#
...g....Z@.#
...8...##.4#
P...### ####
.8. .


You could see a hellwing, Grum (fleeing), a shadow imp (fleeing) and a centaur
warrior skeleton.

Vanquished Creatures
  A centaur zombie (D:9)
  A cane toad (Lair:1)
  A hellwing (D:8)
  A komodo dragon (D:7)
  Prince Ribbit (D:6)
  A meliai zombie (D:9)
  Sigmund (Temple)
  Eustachio (D:5)
  3 wyverns
  2 steam dragons
  A swamp worm (D:7)
  4 water moccasins
  2 ice beasts (D:7)
  3 orc warriors
  2 ogres
  A sky beast (D:7)
  7 wolves
  A centaur (D:8)
  An elf zombie (Ossuary)
  Blork the orc (D:6)
  3 bullfrogs
  A necrophage (D:4)
  2 scorpions (D:4)
  5 wights
  15 killer bees
  4 howler monkeys
  2 hounds
  3 jellies
  5 orc priests
  A human zombie (Ossuary)
  6 iguanas
  Natasha (D:4)
  6 orc wizards
  3 hound zombies (Ossuary)
  4 mummies (Ossuary)
  Robin (D:4)
  6 gnolls
  4 adders
  5 shadow imps
  A white imp (D:6)
  5 ufetubi
  2 adder zombies (Ossuary)
  5 worms
  4 dart slugs
  33 orcs
  7 bats
  6 endoplasms
  5 giant cockroaches
  16 goblins
  5 hobgoblins
  5 kobolds
  5 quokkas
  6 ball pythons
  A frilled lizard (D:3)
  A hobgoblin zombie (Ossuary)
  A kobold zombie (Ossuary)
  8 rats
  3 rat zombies (Ossuary)
232 creatures vanquished.

Vanquished Creatures (others)
  11 plants
  18 withered plants
29 creatures vanquished.

Grand Total: 261 creatures vanquished

Notes
Turn   | Place    | Note
-------+----------+-------------------------------------------
     0 | D:1      | wormed the Troll Gladiator began the quest for the Orb.
     0 | D:1      | Reached XP level 1. HP: 19/19 MP: 0/0
   149 | D:1      | Found Kaarph's Jewellery Boutique.
   219 | D:1      | Reached XP level 2. HP: 28/28 MP: 1/1
   948 | D:2      | Reached XP level 3. HP: 34/35 MP: 2/2
  1458 | D:3      | Found a stormy altar of Qazlal.
  1580 | D:3      | Found a hazy altar of Hepliaklqana.
  1581 | D:3      | Found a burning altar of Makhleb.
  1581 | D:3      | Found a shadowy altar of Dithmenos.
  1607 | D:3      | Reached skill level 1 in Armour
  1607 | D:3      | Reached XP level 4. HP: 29/42 MP: 3/3
  1621 | D:3      | Reached skill level 4 in Unarmed Combat
  1928 | D:3      | Found a faded altar of an unknown god.
  2017 | D:4      | Noticed a necrophage
  2023 | D:4      | Killed a necrophage
  2024 | D:4      | Reached XP level 5. HP: 48/49 MP: 4/4
  2141 | D:4      | Found a sand-covered staircase.
  2147 | Ossuary  | Entered an ossuary
  2190 | Ossuary  | Reached XP level 6. HP: 53/59 MP: 5/5
  2224 | Ossuary  | Reached skill level 5 in Unarmed Combat
  2406 | Ossuary  | Identified the +8 whip of Cruel Justice {vamp, Will+ Int+4}
  2569 | D:4      | Reached XP level 7. HP: 61/66 MP: 6/6
  2578 | D:4      | Noticed Robin
  2608 | D:4      | Killed Robin
  2940 | D:4      | Noticed Natasha
  2948 | D:4      | Killed Natasha
  2994 | D:4      | Reached skill level 6 in Unarmed Combat
  3147 | D:5      | Entered Level 5 of the Dungeon
  3181 | D:5      | Found a staircase to the Ecumenical Temple.
  3196 | Temple   | Entered the Ecumenical Temple
  3410 | D:5      | Noticed Sigmund
  3497 | Temple   | Killed Sigmund
  3498 | Temple   | Reached XP level 8. HP: 61/75 MP: 7/7
  4180 | D:5      | Noticed Eustachio
  4190 | D:5      | Killed Eustachio
  4219 | D:5      | Found a shimmering blue altar of Sif Muna.
  4219 | D:5      | Found a broken altar of Ashenzari.
  4424 | D:6      | Identified the +1 ring mail "Qutt" {Dex+3}
  4430 | D:6      | Reached skill level 7 in Unarmed Combat
  4447 | D:6      | Noticed Blork the orc
  4456 | D:6      | Killed Blork the orc
  4697 | D:6      | Identified the +1 ring mail "Sueshait" {+Inv Str+2 Stlth+}
  4945 | D:6      | Reached XP level 9. HP: 50/84 MP: 8/8
  5022 | D:6      | Noticed Prince Ribbit
  5034 | D:6      | Killed Prince Ribbit
  5055 | D:6      | Found a glowing golden altar of the Shining One.
  5419 | D:7      | Reached skill level 8 in Unarmed Combat
  5551 | D:1      | Bought an amulet of reflection for 330 gold pieces
  5636 | D:7      | Reached skill level 5 in Dodging
  5664 | D:6      | Reached skill level 5 in Throwing
  5955 | D:7      | Reached skill level 5 in Fighting
  6370 | D:8      | Reached skill level 9 in Unarmed Combat
  6389 | D:8      | Noticed a komodo dragon
  6446 | D:7      | Killed a komodo dragon
  6447 | D:7      | Reached XP level 10. HP: 36/96 MP: 9/9
  7261 | D:8      | Found a staircase to the Lair.
  7267 | Lair:1   | Entered Level 1 of the Lair of Beasts
  7274 | Lair:1   | Noticed a cane toad
  7277 | Lair:1   | Reached skill level 5 in Armour
  7317 | Lair:1   | Killed a cane toad
  7585 | D:8      | Reached skill level 10 in Unarmed Combat
  7705 | D:9      | Noticed Grum
  7732 | D:9      | HP: 3/98 [poisoned by Grum]
  7738 | D:9      | Slain by a centaur warrior skeleton

Illustrated notes

Levels and vault maps discovered:
D:1:      ncdulo_watergridlock, layout_basic, serial_shops,
          nicolae_shop_temple_entry_statues_fountains
D:2:      layout_loops_ring, nicolae_wormholes
D:3:      layout_loops_ring, grunt_temple_overflow_open, amcnicky_altar_gilded,
          shapermc_ecumenical_altar_flowoftime, hangedman_decor_push
D:4:      layout_gridville, enter_ossuary_2, uniq_robin, uniq_natasha
D:5:      layout_loops_corners, gammafunk_temple_overflow_pools,
          minmay_temple_entry_slanted, uniq_eustachio, uniq_sigmund
D:6:      layout_gridville, tso_metal_star, uniq_prince_ribbit1,
          uniq_blork_the_orc
D:7:      layout_gridville, worms_lemuel
D:8:      layout_gridville, erik_lair_dragon,
          nicolae_concentric_dashed_squares_mild, nicolae_zen_rock_garden
D:9:      cheibrodos_grave_circle, layout_gridville,
          nicolae_ru_great_annihilating_truth, nicolae_blasting_shop, uniq_grum
Temple:   chequers_temple_sunken
Lair:1:   layout_hall_layers, grunt_megastairs_2, uniq_fannar

Skill      XL: |  1  2  3  4  5  6  7  8  9 10 |
---------------+-------------------------------+-----
Throwing       | 2 3 4 5 6 |  6.4
Fighting       | 2 3 4 5 |  5.9
Armour         | 1 2 3 4 5 |  5.4
Unarmed Combat | 4 5 6 7 9 10 | 10.3
Dodging        | 3 4 5 6 |  6.2

Action                   |  1- 3 |  4- 6 |  7- 9 | 10-12 || total
-------------------------+-------+-------+-------+-------++-------
Melee: Unarmed           |    88 |   160 |   345 |   212 ||   805
       Punch             |     4 |     3 |    15 |     7 ||    29
Throw: Large rock        |       |       |     1 |       ||     1
       Throwing net      |       |       |     1 |       ||     1
  Use: Scroll            |       |     9 |     2 |     1 ||    12
       Potion            |       |       |     2 |     2 ||     4
 Stab: Sleeping          |     2 |       |       |       ||     2
Armor: Robe              |    32 |    61 |    11 |       ||   104
       Animal skin       |       |       |    47 |       ||    47
       Skin              |       |       |     8 |       ||     8
       Steam dragon scal |       |       |    27 |    85 ||   112
Dodge: Dodged            |    47 |    95 |   312 |   240 ||   694
Block: Other             |       |       |    43 |    75 ||   118
